 Dungeon Crawl Stone Soup version 0.19.1-1-g22dce08 (webtiles) character file.

70 Alarkh the Ruffian (level 4, -7/40 HPs)
             Began as a Ghoul Monk on Jan 2, 2017.
             Was a Follower of Uskayaw.
             Mangled by a raiju (8 damage)
             ... on level 1 of the Abyss.
             The game lasted 00:04:19 (2180 turns).

Alarkh the Ruffian (Ghoul Monk)                     Turns: 2180, Time: 00:04:20

Health: -7/40      AC:  3    Str: 14    XL:     4   Next: 21%
Magic:  12/12      EV: 13    Int:  6    God:    Uskayaw [*.....]
Gold:   129        SH:  0    Dex: 11    Spells: 0 memorised, 3 levels left

rFire  . . .     SeeInvis .       - Unarmed
rCold  + . .     Gourm    .     a - +0 robe
rNeg   + + +     Faith    .     (no shield)
rPois  ∞         Spirit   .     (no helmet)
rElec  .         Reflect  .     (no cloak)
rCorr  .         Harm     .     (no gloves)
MR     .....                    m - +0 pair of boots
Stlth  ++........               (no amulet)
                                (no ring)
                                c - ring of magical power

@: very slightly contaminated, rotting, invisible (expiring)
A: rotting body, claws 1, carnivore 3, cold resistance 1, negative energy
resistance 3, slow regeneration 1, torment resistance, unbreathing
a: Stomp, Renounce Religion


You were on level 1 of the Abyss.
You worshipped Uskayaw.
Uskayaw was noncommittal.
You were not hungry.

You visited 1 branch of the dungeon, and saw 2 of its levels.
You visited the Abyss 1 time.

You collected 129 gold pieces.

Inventory:

Armour
 a - a +0 robe (worn)
 m - a +0 pair of boots (worn)
Jewellery
 c - a ring of magical power (left claw)
Scrolls
 e - a scroll of identify
 g - a scroll of random uselessness {unknown}
 h - 2 scrolls of teleportation {unknown}
 i - a scroll of noise {unknown}
 j - a scroll of remove curse {unknown}
 l - a scroll of amnesia {unknown}
 n - a scroll of recharging {unknown}
Potions
 k - a potion of cancellation
Comestibles
 b - 2 meat rations


   Skills:
 + Level 3.9 Fighting
 + Level 2.8 Dodging
 - Level 2.1 Stealth
 * Level 4.5 Unarmed Combat
 + Level 1.2 Invocations


You had 3 spell levels left.
You didn't know any spells.

Dungeon Overview and Level Annotations

Branches:
Dungeon (2/15)

Altars:
Trog
Uskayaw


Innate Abilities, Weirdness & Mutations

Your body is rotting away.
You thrive on raw meat.
You are immune to poison.
You have sharp fingernails.
You are carnivorous and can eat meat at any time.
Your flesh is cold resistant. (rC+)
You are immune to negative energy. (rN+++)
You regenerate slowly when monsters are visible.
You are immune to unholy pain and torment.
You can survive without breathing.


Message History

The starcursed mass is lightly damaged.
The raiju bursts into living lightning!
The living lightning hits the raiju.
The raiju completely resists.
The living lightning misses you.
The raiju blinks! x2
The raiju bursts into living lightning!
The living lightning hits the raiju.
The raiju completely resists.
The living lightning hits you!
The raiju blinks!
The starcursed mass engulfs you. x2
The raiju bursts into living lightning!
The living lightning misses you. x2; The raiju blinks!
You scratch the starcursed mass.
The starcursed mass is lightly damaged.
The starcursed mass shudders and is absorbed by its neighbour.
The raiju barely misses you. A chorus of shrieks assaults your mind.
* * * LOW HITPOINT WARNING * * *
A starcursed mass splits.
The raiju bites you.
* * * LOW HITPOINT WARNING * * *
The raiju shocks you!
You die...

..# . # .#. .# ..#
.. #.# .. .. ###.
#.#. ##.#####..#
.....##.##.### ## .
....#.#.....###.##
....##.##..#.###h.x#
..#....##.#...@.# #
..##..#.####.hhXX#
.. .....##
#.h#.#.X...
.#......#
..#........# #.##.
#.. ##..##..###...
... ..#.# #.. .#.#
#. ... #. .## . .# .
. . . . ## # .#


You could see 3 starcursed masses, 4 raiju and a small abomination (wandering).

Vanquished Creatures
  3 worms (D:2)
  A dart slug (D:1)
  A leopard gecko (D:2)
  6 bats
  3 giant cockroaches
  5 goblins (D:2)
  8 hobgoblins
  4 jackals (D:1)
  2 kobolds
  5 quokkas
  2 frilled lizards
  14 rats
54 creatures vanquished.

Notes
Turn   | Place    | Note
-------+----------+-------------------------------------------
     0 | D:1      | Alarkh the Ghoul Monk began the quest for the Orb.
     0 | D:1      | Reached XP level 1. HP: 19/19 MP: 0/0
    61 | D:1      | Reached XP level 2. HP: 13/26 MP: 1/1
   168 | D:2      | Found a hide-covered altar of Uskayaw.
   172 | D:2      | Became a worshipper of Uskayaw the Reveler
   172 | D:2      | Reached * piety under Uskayaw
   380 | D:2      | Noticed a moth of wrath
   383 | D:2      | Found a bloodstained altar of Trog.
   423 | D:2      | Reached ** piety under Uskayaw
   435 | D:2      | Reached skill level 4 in Unarmed Combat
   501 | D:2      | Reached XP level 3. HP: 24/33 MP: 2/2
  1421 | D:2      | Reached skill level 1 in Invocations
  1444 | D:2      | Reached XP level 4. HP: 32/40 MP: 3/3
  2153 | D:1      | Cast into level 1 of the Abyss (gnoll)
  2172 | Abyss:1  | Noticed a starcursed mass
  2177 | Abyss:1  | Noticed a raiju
  2177 | Abyss:1  | Noticed a raiju
  2177 | Abyss:1  | Noticed a raiju
  2177 | Abyss:1  | Noticed a raiju
  2180 | Abyss:1  | HP: 1/40 [raiju (6)]
  2180 | Abyss:1  | Mangled by a raiju

Skill      XL: |  1  2  3 |
---------------+----------+-----
Unarmed Combat | 4 |  4.5
Invocations    | 1 |  1.2
Fighting       | |  3.9
Dodging        | |  2.8
Stealth        | |  2.1

Action                   |  1- 3 |  4- 6 || total
-------------------------+-------+-------++-------
Melee: Unarmed           |   137 |    29 ||   166
       Punch             |     1 |       ||     1
  Use: Potion            |       |     3 ||     3
       Scroll            |       |     2 ||     2
 Stab: Sleeping          |     6 |       ||     6
  Eat: Chunk             |    10 |     2 ||    12
Armor: Robe              |    17 |     1 ||    18
Dodge: Dodged            |    93 |    17 ||   110
